 Dungeon Crawl Stone Soup version 0.28-a0-819-g6ef7baa362 (webtiles) character file.

Game seed: 7161773345068448406

1512 Gargoyl the Skirmisher (level 8, 0/67 HPs)
             Began as a Gnoll Abyssal Knight on Nov 8, 2021.
             Was a Believer of Lugonu.
             Succumbed to a kobold brigand's poison
             ... on level 5 of the Dungeon.
             The game lasted 00:05:25 (3687 turns).

Gargoyl the Skirmisher (Gnoll Abyssal Knight)       Turns: 3687, Time: 00:05:26

Health: 0/67       AC: 11    Str: 14    XL:     8   Next: 83%
Magic:  13/13      EV:  7    Int: 11    God:    Lugonu [**....]
Gold:   93         SH:  0    Dex: 12    Spells: 14/14 levels left

rFire   . . .      SeeInvis .   p - +4 quarterstaff (chaos)
rCold   . . .      Faith    .   (shield currently unavailable)
rNeg    . . .      Spirit   .   b - +0 chain mail
rPois   .          Reflect  .   (no helmet)
rElec   .          Harm     .   o - +0 cloak
rCorr   .          Rampage  .   (no gloves)
Will    .....                   (no boots)
Stlth   ..........              d - amulet of magic regeneration
HPRegen 0.21/turn               i - ring of flight
MPRegen 0.38/turn               (no ring)

@: lethally poisoned (0 -> -24), attractive, flying
A: fangs 1, strong nose, distributed training
a: Renounce Religion, Depart the Abyss, Bend Space


You were on level 5 of the Dungeon.
You worshipped Lugonu.
Lugonu was pleased with you.
You visited 1 branch of the dungeon, and saw 5 of its levels.
You visited the Abyss 1 time.

You collected 126 gold pieces.
You spent 33 gold pieces at shops.

Inventory:

Hand Weapons
 a - a +1 hand axe
 p - a +4 quarterstaff of chaos (weapon)
Missiles
 e - 6 poisoned darts (quivered)
Armour
 b - a +0 chain mail (worn)
 o - a +0 cloak (worn)
Jewellery
 d - an amulet of magic regeneration (around neck)
 i - a ring of flight (left hand)
 l - an amulet of guardian spirit
Wands
 n - a wand of flame (16)
Scrolls
 c - 2 scrolls of summoning
 g - a scroll of magic mapping
 h - 4 scrolls of teleportation
 q - 2 scrolls of identify
Potions
 f - a potion of berserk rage {unknown}
 j - 2 potions of brilliance {unknown}


   Skills:
 + Level 7.5 Fighting
 + Level 3.6 Short Blades
 + Level 3.6 Long Blades
 + Level 5.9 Axes
 + Level 3.6 Maces & Flails
 + Level 3.6 Polearms
 + Level 3.6 Staves
 + Level 3.6 Slings
 + Level 3.6 Bows
 + Level 3.6 Crossbows
 + Level 3.6 Throwing
 + Level 5.9 Armour
 + Level 4.5 Dodging
 + Level 3.6 Stealth
 + Level 3.6 Shields
 + Level 3.6 Unarmed Combat
 + Level 3.6 Spellcasting
 + Level 3.0 Conjurations
 + Level 3.0 Hexes
 + Level 3.0 Summonings
 + Level 3.0 Necromancy
 + Level 3.0 Translocations
 + Level 3.0 Transmutations
 + Level 3.0 Fire Magic
 + Level 3.0 Ice Magic
 + Level 3.0 Air Magic
 + Level 3.0 Earth Magic
 + Level 3.0 Poison Magic
 + Level 6.1 Invocations
 + Level 3.6 Evocations


You had 14 spell levels left.
You didn't know any spells.
Your spell library contained the following spells:

 Spells                   Type           Power      Damage    Failure   Level
 Foxfire                  Conj/Fire      32%        2x1d5     82%         1
 Conjure Flame            Conj/Fire      8%         6-21      99%         3
 Inner Flame              Hex/Fire       8%         N/A       99%         3
 Flame Wave               Conj/Fire      8%         3d4       100%        4


Dungeon Overview and Level Annotations

Branches:
Dungeon (5/15)
 Temple: D:4-7

Altars:
Hepliaklqana
Trog
Xom

Shops:
D:1 ?

Annotations:
D:3 Terence


Innate Abilities, Weirdness & Mutations

You have very sharp teeth.
Your uncanny sense of smell can sniff out nearby items.
Your experience applies equally to all skills.


Message History

The poisoned dart hits you!
You are lethally poisoned!
Your Conjurations skill increases to level 3!
Your Hexes skill increases to level 3!
Your Summonings skill increases to level 3!
Your Necromancy skill increases to level 3!
Your Translocations skill increases to level 3!
Your Transmutations skill increases to level 3!
Your Fire Magic skill increases to level 3!
Your Ice Magic skill increases to level 3!
Your Air Magic skill increases to level 3!
Your Earth Magic skill increases to level 3!
Your Poison Magic skill increases to level 3!
* * * LOW HITPOINT WARNING * * *
You feel very sick. The kobold hits you with a +0 dagger.
* * * LOW HITPOINT WARNING * * *
You feel less invigorated.
You feel less confused.
* * * LOW HITPOINT WARNING * * *
You feel very sick.
Things that are here:
a +0 club; a hobgoblin corpse You thump the kobold!
You freeze the kobold.
You kill the kobold!
Lugonu accepts your kill.
* * * LOW HITPOINT WARNING * * *
You feel very sick.
The kobold brigand throws a poisoned dart.
The poisoned dart hits you!
You are more poisoned.
* * * LOW HITPOINT WARNING * * *
You feel very sick.
The kobold brigand hits you but does no damage.
You are more poisoned.
Things that are here:
a +0 dagger; a golden potion It was a potion of attraction.
You feel attractive to monsters.
You die...

##≈≈##..#
#≈≈#..##
..≈##..#
.## #.)##
#..# #..# ∆
#..# ##).#
### #.@##
..#######
#)K#≈≈≈≈#
..#≈≈≈≈≈#
#..##≈≈≈..
..#≈#.#≈###
##.. ≈≈##
..'.._..'.#
#..# .#
..#≈#(#≈#.#
##.. #
..#≈≈≈≈≈#.#
..#
..#######.#
.?# ...#.#
#..#


You could see a kobold brigand.

Vanquished Creatures
  An ogre (D:4)
  A kobold brigand (D:5)
  A water moccasin zombie (D:5)
  An orc priest (D:4)
  2 hounds (D:5)
  Crazy Yiuf (D:2)
  A hound skeleton (D:5)
  4 adders
  An ufetubus (D:5)
  A worm (D:5)
  2 dart slugs (D:2)
  7 orcs
  5 ball pythons
  3 bats
  5 endoplasms
  3 giant cockroaches (D:2)
  A goblin (D:1)
  7 hobgoblins
  2 jackals (D:1)
  13 kobolds
  7 quokkas
  7 frilled lizards
  8 rats
84 creatures vanquished.

Vanquished Creatures (collateral kills)
  A tentacled starspawn (Abyss:2)
  A starspawn tentacle (Abyss:2)
2 creatures vanquished.

Vanquished Creatures (others)
  9 plants (D:1)
  A starspawn tentacle (Abyss:2)
10 creatures vanquished.

Grand Total: 96 creatures vanquished

Notes
Turn   | Place    | Note
-------+----------+-------------------------------------------
     0 | Abyss:1  | Gargoyl the Gnoll Abyssal Knight began the quest for the
                  | Orb.
     0 | Abyss:1  | Reached XP level 1. HP: 23/23 MP: 3/3
     9 | Abyss:1  | Found a corrupted altar of Lugonu.
    25 | Abyss:1  | Found a corrupted altar of Lugonu.
    59 | Abyss:1  | Found a corrupted altar of Lugonu.
   101 | Abyss:2  | Noticed a tentacled starspawn
   109 | Abyss:2  | Killed a tentacled starspawn
   110 | Abyss:2  | Reached skill level 7 in Fighting
   110 | Abyss:2  | Reached skill level 5 in Axes
   110 | Abyss:2  | Reached skill level 5 in Armour
   110 | Abyss:2  | Reached skill level 5 in Invocations
   110 | Abyss:2  | Reached XP level 2. HP: 31/31 MP: 4/6
   110 | Abyss:2  | Reached XP level 3. HP: 36/36 MP: 4/7
   110 | Abyss:2  | Reached XP level 4. HP: 43/43 MP: 4/8
   110 | Abyss:2  | Reached XP level 5. HP: 48/48 MP: 4/9
   110 | Abyss:2  | Reached XP level 6. HP: 55/55 MP: 4/10
   110 | Abyss:2  | Reached XP level 7. HP: 60/60 MP: 4/11
   110 | Abyss:2  | Reached XP level 8. HP: 67/67 MP: 4/12
   154 | Abyss:2  | Noticed a tentacled starspawn
   155 | D:1      | Escaped the Abyss
   221 | D:1      | Reached * piety under Lugonu
   465 | D:1      | Found a faded altar of an unknown god.
   685 | D:1      | Found Baaqoc's Magic Scroll Boutique.
   694 | D:1      | Bought a scroll of teleportation for 33 gold pieces
  1078 | D:2      | Found a shimmering altar of Xom.
  1279 | D:2      | Reached ** piety under Lugonu
  1405 | D:2      | Found a runed translucent door.
  1406 | D:2      | Noticed Crazy Yiuf
  1857 | D:2      | Killed Crazy Yiuf
  2367 | D:3      | Found a hazy altar of Hepliaklqana.
  2368 | D:3      | Noticed Terence
  2939 | D:5      | Entered Level 5 of the Dungeon
  3426 | D:5      | Found a bloodstained altar of Trog.
  3687 | D:5      | Succumbed to a kobold brigand's poison

Illustrated notes

Levels and vault maps discovered:
D:1:      roderic_crop_circles_arrival_small, layout_basic,
          chequers_ecumenical_altar_simple, serial_shops, shop, st_stairs_9
D:2:      layout_basic, basic_altar, chequers_garden, uniq_crazy_yiuf_cottage
D:3:      layout_loops_ring, nicolae_overflow_hidden_temple, uniq_terence
D:4:      layout_rooms, minmay_tree_intersection
D:5:      cheibrodos_thug_alley, layout_loops_ring, kennysheep_little_box,
          minmay_temple_entry_sparse_star

Skill      XL: |  1  2  3  4  5  6  7  8 |
---------------+-------------------------+-----
Fighting       | 7 |  7.5
Short Blades   | 3 |  3.6
Long Blades    | 3 |  3.6
Axes           | 5 |  5.9
Maces & Flails | 3 |  3.6
Polearms       | 3 |  3.6
Staves         | 3 |  3.6
Slings         | 3 |  3.6
Bows           | 3 |  3.6
Crossbows      | 3 |  3.6
Throwing       | 3 |  3.6
Armour         | 5 |  5.9
Dodging        | 4 |  4.5
Stealth        | 3 |  3.6
Shields        | 3 |  3.6
Unarmed Combat | 3 |  3.6
Spellcasting   | 3 |  3.6
Conjurations   | 2 3 |  3.0
Hexes          | 2 3 |  3.0
Summonings     | 2 3 |  3.0
Necromancy     | 2 3 |  3.0
Translocations | 2 3 |  3.0
Transmutations | 2 3 |  3.0
Fire Magic     | 2 3 |  3.0
Ice Magic      | 2 3 |  3.0
Air Magic      | 2 3 |  3.0
Earth Magic    | 2 3 |  3.0
Poison Magic   | 2 3 |  3.0
Invocations    | 5 6 |  6.1
Evocations     | 3 |  3.6

Action                   |  1- 3 |  4- 6 |  7- 9 || total
-------------------------+-------+-------+-------++-------
Melee: Hand axe          |       |       |   131 ||   131
       Quarterstaff      |       |       |    92 ||    92
       Bite              |       |       |    18 ||    18
       Unarmed           |       |       |     3 ||     3
Throw: Dart              |       |       |     2 ||     2
Invok: Depart the Abyss  |       |       |     1 ||     1
  Use: Scroll            |     1 |       |     5 ||     6
       Potion            |       |       |     3 ||     3
 Stab: Sleeping          |       |       |     5 ||     5
       Confused          |       |       |     1 ||     1
       Paralysed         |       |       |     1 ||     1
Armor: Ring mail         |       |       |    44 ||    44
       Chain mail        |       |       |    26 ||    26
       Leather armour    |       |       |    11 ||    11
Dodge: Dodged            |       |       |   115 ||   115

Table legend: (Time is in decaauts)
 A = Elapsed time spent in this place.
 B = Non-inter-level travel time spent in this place.
 C = Inter-level travel time spent in this place.
 D = Time resting spent in this place.
 E = Time spent auto-exploring this place.
 F = Levels seen in this place.
 G = Mean time per level.
                   A        B        C        D        E       F      G
               +--------+--------+--------+--------+--------+-----+--------+
         Total |   3679 |   3544 |    135 |    216 |   2559 |   7 |  525.6 |
       Dungeon |   3525 |   3390 |    135 |    216 |   2432 |   5 |  705.0 |
         Abyss |    154 |    154 |      0 |      0 |    127 |   2 |   77.0 |
               +--------+--------+--------+--------+--------+-----+--------+

Top non-repeatable levels by time:
     D:2: 1256 daAuts
     D:5: 745 daAuts
     D:1: 741 daAuts
     D:3: 572 daAuts
     D:4: 209 daAuts
 Abyss:1: 90 daAuts
 Abyss:2: 64 daAuts
